 Dungeon Crawl Stone Soup version 0.26.0-45-g9c1d065592 (webtiles) character file.

Game seed: 6864938380225586563

202 thiole the Stinger (level 5, -2/31 HPs)
             Began as an Octopode Venom Mage on Jan 27, 2021.
             Killed from afar by Sigmund (5 damage)
             ... with a magic dart
             ... on level 2 of the Dungeon.
             The game lasted 00:08:31 (4354 turns).

thiole the Stinger (Octopode Venom Mage)            Turns: 4354, Time: 00:08:32

Health: -2/31      AC:  1    Str:  7    XL:     5   Next: 80%
Magic:  4/9        EV: 13    Int: 19    God:
Gold:   146        SH:  0    Dex: 12    Spells: 2/10 levels left

rFire    + . .     SeeInvis .   a - +1 dagger (drain)
rCold    . . .     Faith    .   (no shield)
rNeg     . . .     Spirit   .   (helmet restricted)
rPois    .         Reflect  .   t - amulet of regeneration
rElec    .         Harm     .   m - ring of protection from fire
rCorr    .         Rampage  .   u - ring of willpower
Will     +....                  (no ring)
Stlth    +++.......             (no ring)
HPRegen  0.50/turn              (no ring)
MPRegen  0.11/turn              (no ring)
                                (no ring)
                                (no ring)

@: very slightly contaminated, invisible
A: almost no armour, stealthy swim, amphibious, 8 rings, constrict 8, camouflage
1, gelatinous body 1
a: no special abilities


You were on level 2 of the Dungeon.
You visited 1 branch of the dungeon, and saw 5 of its levels.

You collected 146 gold pieces.

Inventory:

Hand Weapons
 a - a +1 dagger of draining (weapon)
Missiles
 i - 144 stones
Jewellery
 f - an uncursed amulet of guardian spirit
 m - a ring of protection from fire (left tentacle)
 t - an amulet of regeneration (around mantle)
 u - a ring of willpower (right tentacle)
Scrolls
 b - 2 scrolls of blinking {unknown}
 c - 3 scrolls of enchant armour
 j - a scroll of immolation {unknown}
 k - 2 scrolls of fear {unknown}
 n - 4 scrolls of teleportation
 o - 4 scrolls of remove curse {unknown}
 q - a scroll of enchant weapon {unknown}
Potions
 d - a potion of berserk rage {unknown}
 e - 2 potions of flight {unknown}
 g - a potion of haste {unknown}
 h - 4 potions of curing
 l - 2 potions of attraction {unknown}
 p - 4 potions of invisibility
 r - a potion of resistance {unknown}


   Skills:
 - Level 2.0 Dodging
 - Level 2.6 Stealth
 + Level 3.0 Spellcasting
 + Level 2.5 Transmutations
 + Level 1.3 Fire Magic
 * Level 5.7 Poison Magic


You had 2 spell levels left.
You knew the following spells:

 Your Spells              Type           Power        Failure   Level
a - Sting                 Tmut/Pois      72%          2%          1
b - Olgreb's Toxic Radia  Pois           24%          14%         4
c - Ignite Poison         Fire/Tmut/Pois 15%          12%         3

Your spell library contained the following spells:

 Spells                   Type           Power        Failure   Level
 Poisonous Vapours        Pois/Air       26%          7%          2
 Mephitic Cloud           Conj/Pois/Air  10%          21%         3


Dungeon Overview and Level Annotations

Branches:
Dungeon (5/15)
 Temple: D:4-7

Altars:
Trog

Shops:
D:4 [

Annotations:
D:2 Sigmund
D:4 3 runed translucent doors, shummie's ghost, novice DDFi


Innate Abilities, Weirdness & Mutations

You cannot wear most types of armour.
You are very stealthy in the water. (Stealth+)
You are amphibious.
You can wear up to eight rings at the same time.
You can use your tentacles to constrict eight enemies at once.
Your skin changes colour to match your surroundings (Stealth+).
Your rubbery body absorbs attacks. (AC +1, EV +1)


Message History

Your weapon can't reach that far!
Okay, then.
Casting: Olgreb's Toxic Radiance (extremely dangerous; 14% risk of failure)
Confirm with . or Enter, or press ? or * to list all spells.
Okay, then.
Something hits you!
You closely miss something. Something hits you!
There is a stone staircase leading down here.
You feel better. Something hits you!
* * * LOW HITPOINT WARNING * * *
It was a potion of invisibility.
You fade into invisibility!
You are very lightly contaminated with residual magic.
Sigmund appears from thin air!
Reactivating autopickup.
Sigmund gestures at something while chanting.
The magic dart hits you.
You die...

#.# #.##.# ##..##.†. #.# #.##.#
##..##.. #.# #.##.# ##....# #.#
#.##.# ##..## #.# ###.##<######
##..# #.# ##..@........# ##..
#.# #.......####.# ##. #.#
#..#>#### #.# ##. #.# #..#@###
#.######.. #.# #..#...#
#.........
#.#########..###.#####.########
#......................#
###########..###.#####.# #..#
#.# #.# ### #..###.#####.###.##
#............##.#.###
#............#.###...


You could see Sigmund.

Vanquished Creatures
  A scorpion (D:4)
  A centaur skeleton (D:4)
  4 adders
  A worm (D:3)
  2 dart slugs
  2 leopard geckos
  11 orcs
  A ball python (D:4)
  2 giant cockroaches
  2 goblins (D:2)
  7 hobgoblins
  8 jackals
  2 quokkas
  7 bats
  7 frilled lizards
  A jackal skeleton (D:4)
  7 kobolds
  5 rats
71 creatures vanquished.

Notes
Turn   | Place    | Note
-------+----------+-------------------------------------------
     0 | D:1      | thiole the Octopode Venom Mage began the quest for the Orb.
     0 | D:1      | Reached XP level 1. HP: 11/11 MP: 3/3
    50 | D:1      | Reached XP level 2. HP: 10/17 MP: 0/5
    52 | D:1      | Reached skill level 4 in Poison Magic
   911 | D:1      | Reached XP level 3. HP: 21/21 MP: 4/6
  1420 | D:2      | Reached XP level 4. HP: 26/27 MP: 4/7
  1543 | D:2      | Noticed Sigmund
  1565 | D:2      | Learned a level 4 spell: Olgreb's Toxic Radiance
  1569 | D:2      | Learned a level 3 spell: Ignite Poison
  1965 | D:3      | Reached skill level 5 in Poison Magic
  2599 | D:4      | Found a bloodstained altar of Trog.
  2629 | D:4      | Reached XP level 5. HP: 8/31 MP: 3/9
  2878 | D:4      | Found Wiakhuv's Antique Armour Shop.
  2918 | D:4      | Reached skill level 1 in Fire Magic
  3519 | D:4      | Found a runed translucent gate.
  3519 | D:4      | Found a runed translucent gate.
  3519 | D:4      | Found a runed translucent gate.
  3520 | D:4      | Noticed shummie's ghost (novice DDFi)
  3970 | D:5      | Entered Level 5 of the Dungeon
  4354 | D:2      | Killed from afar by Sigmund

Illustrated notes

Levels and vault maps discovered:
D:1:      beargit_arrival_greenhouse, layout_rooms
D:2:      minmay_alternating_diamond, layout_loops_ring,
          kennysheep_generic_room_12, uniq_sigmund
D:3:      layout_rooms, corexii_hall_statues_x
D:4:      layout_loops_corners, ebering_ghost_rock_garden, serial_shops, shop,
          trog_three_pillars_becter
D:5:      layout_basic

Skill      XL: |  1  2  3  4  5 |
---------------+----------------+-----
Poison Magic   | 4 5 |  5.7
Transmutations | 2 |  2.5
Fire Magic     | 1 |  1.3
Spellcasting   | 3 |  3.0
Dodging        | |  2.0
Stealth        | |  2.6

Action                   |  1- 3 |  4- 6 || total
-------------------------+-------+-------++-------
Melee: Unarmed           |    11 |       ||    11
       Constrict         |     9 |     5 ||    14
       Tentacles         |     6 |     4 ||    10
       Dagger            |    16 |    26 ||    42
 Cast: Sting             |    57 |    70 ||   127
       Olgreb's Toxic Ra |       |     3 ||     3
       Ignite Poison     |       |     1 ||     1
  Use: Scroll            |       |     6 ||     6
       Potion            |       |     2 ||     2
Armor: Skin              |     6 |     5 ||    11
Dodge: Dodged            |    21 |    40 ||    61
